 Dungeon Crawl Stone Soup version 0.32-a0-433-g08bcfe7efd (webtiles) character file.

Game seed: 10399902003145763200

5170 CougarLife the Geomancer (level 10, -5/50 HPs)
             Began as a Gargoyle Earth Elementalist on Feb 23, 2024.
             Was a Believer of Vehumet.
             Slain by a yak (7 damage)
             ... on level 9 of the Dungeon.
             The game lasted 00:13:50 (8702 turns).

CougarLife the Geomancer (GrEE)                     Turns: 8702, Time: 00:13:51

Health: -5/50      AC: 13    Str: 12    XL:     10   Next: 59%
Magic:  2/22       EV: 11    Int: 20    God:    Vehumet [**....]
Gold:   387        SH:  0    Dex: 10    Spells: 22/26 levels left

rFire   . . .        E - +2 dagger (protect)
rCold   . . .        (no shield)
rNeg    + + .        B - +1 robe {rN+}
rPois   ∞            C - +0 hat {Will+}
rElec   +            (no cloak)
rCorr   +            j - +1 Delatra's gloves {ID++}
SInv    .            q - +0 pair of boots
Will    +....        (no amulet)
Stlth   ++           o - ring of resist corrosion
HPRegen 0.28/turn    (no ring)
MPRegen 0.18/turn

%: no passive effects
@: no status effects
A: sickness immunity, AC +7, negative energy resistance 1, electricity
resistance, torment resistance 1, petrification resistance
a: Renounce Religion


You were on level 9 of the Dungeon.
You worshipped Vehumet.
Vehumet was pleased with you.
You visited 2 branches of the dungeon, and saw 10 of its levels.

You collected 387 gold pieces.

Inventory:

Hand Weapons
 E - a +2 dagger of protection (weapon)
Missiles
 z - a throwing net
Armour
 j - the +1 Delatra's gloves (worn) {ID++}
   (You found it on level 2 of the Dungeon)

   ID++:      It heals its wearer when they drink unknown potions, and restores
   their MP when they read unknown scrolls.
 q - a +0 pair of boots (worn)
 B - a +1 robe of positive energy (worn)
 C - a +0 hat of willpower (worn)
Jewellery
 o - a ring of resist corrosion (left hand)
 A - a +6 ring of strength
Wands
 a - a wand of flame (46)
 n - a wand of paralysis (40)
 x - a wand of iceblast (16)
Scrolls
 c - 2 scrolls of revelation {unknown}
 d - 4 scrolls of teleportation {unknown}
 e - 3 scrolls of poison {unknown}
 g - 5 scrolls of identify {unknown}
 h - a scroll of vulnerability {unknown}
 i - a scroll of amnesia {unknown}
 s - 4 scrolls of blinking {unknown}
 u - 2 scrolls of silence {unknown}
 v - a scroll of noise {unknown}
 w - a scroll of fog {unknown}
 y - a scroll of immolation {unknown}
 D - a scroll of enchant weapon {unknown}
Potions
 b - a potion of magic
 f - 2 potions of might {unknown}
 k - 3 potions of heal wounds {unknown}
 m - 2 potions of attraction {unknown}
 p - 2 potions of haste {unknown}
 r - a potion of ambrosia {unknown}
 t - 3 potions of degeneration {unknown}


   Skills:
 - Level 1.5 Dodging
 - Level 2.1 Stealth
 + Level 8.5 Spellcasting
 + Level 9.7 Conjurations
 + Level 11.2 Earth Magic


You had 22 spell levels left.
You knew the following spells:

 Your Spells              Type           Power      Damage    Failure   Level
a - Sandblast             Erth           100%       2d20      1%          1
b - Stone Arrow           Conj/Erth      100%       3d13      1%          3

Your spell library contained the following spells:

 Spells                   Type           Power      Damage    Failure   Level
 Momentum Strike          Conj/Tloc      56%        3d9       1%          2
 Magic Dart               Conj           100%       1d8       1%          1
 Sting                    Conj/Alch      100%       1d9       1%          1
 Searing Ray              Conj           94%        2d7       1%          2
 Passwall                 Erth           52%        N/A       1%          3
 Brom's Barrelling Bould  Conj/Erth      50%        2d7       1%          4
 Petrify                  Alch/Erth      31%        N/A       8%          4
 Fulminant Prism          Conj/Alch      14%        3d8       11%         4
 Blink                    Tloc           16%        N/A       12%         2
 Call Imp                 Summ           16%        N/A       12%         2
 Lesser Beckoning         Tloc           16%        N/A       12%         2
 Mercury Vapours          Alch/Air       16%        N/A       12%         2
 Borgnjor's Vile Clutch   Necr/Erth      15%        N/A       22%         5
 Gell's Gravitas          Tloc           8%         N/A       24%         3
 Teleport Other           Tloc           8%         N/A       24%         3
 Animate Dead             Necr           8%         N/A       63%         4
 Olgreb's Toxic Radiance  Alch           8%         N/A       63%         4
 Death Channel            Necr           4%         N/A       100%        6


Dungeon Overview and Level Annotations

Branches:
Dungeon (9/15)             Temple (1/1) D:5
   Lair: D:8-11         Orc: D:9-12

Altars:
Ashenzari
Cheibriados
Dithmenos
Elyvilon
Fedhas
Gozag
Hepliaklqana
Makhleb
Nemelex Xobeh
Okawaru
Qazlal
Ru
Sif Muna
Trog
Uskayaw
Vehumet
Wu Jian
Xom
Yredelemnul
Zin
The Shining One

Shops:
D:6 ([   D:7 *   D:9 [


Innate Abilities, Weirdness & Mutations

You are immune to sickness and miasma.
Your stone body is resilient. (AC +7)
You are immune to poison.
You resist negative energy. (rN+)
You are resistant to electric shocks. (rElec)
You are resistant to unholy torment.
You are immune to petrification.


Message History

Aiming: Stone Arrow (safe; 1% risk of failure)
Press: ? - help, Shift-Dir - straight line, f - yak
Aim: a yak (87% to hit)
The stone arrow hits the yak!!
The yak is heavily wounded.
The yak gores you.
You hit the yak.
The yak is heavily wounded.
The yak gores you!
Casting: Stone Arrow (safe; 1% risk of failure)
Confirm with . or Enter, or press ? or * to list all spells.
Aiming: Stone Arrow (safe; 1% risk of failure)
Press: ? - help, Shift-Dir - straight line, f/p - yak
Aim: a yak (heavily wounded, 87% to hit)
The stone arrow hits the yak!!
You kill the yak!
Vehumet accepts your kill.
Casting: Stone Arrow (safe; 1% risk of failure)
Confirm with . or Enter, or press ? or * to list all spells.
Aiming: Sandblast (safe; 1% risk of failure)
Press: ? - help, Shift-Dir - straight line, f - yak
Aim: a yak (91% to hit)
The blast of sand hits the yak.
The yak is lightly wounded.
The yak gores you but does no damage.
You closely miss the yak.
The yak is lightly wounded.
The yak gores you!
* * * LOW HITPOINT WARNING * * *
Casting: Sandblast (safe; 1% risk of failure)
Confirm with . or Enter, or press ? or * to list all spells.
Aiming: Sandblast (safe; 1% risk of failure)
Press: ? - help, Shift-Dir - straight line, f/p - yak
Aim: a yak (lightly wounded, 91% to hit)
The blast of sand hits the yak!!
The yak is severely wounded.
The yak gores you!
* * * LOW HITPOINT WARNING * * *
The yak gores you!
You die...

#....# ##### #######
#....# #......
#....#........#.#..#.
#.#..#........#.#.##.
#.#..#........#.#..#.
#....#........#.#..#.
#....#........#....##
#..#Y#........#.....#
#..#@#......<.#.....#
#...†####'#####.....#
#....................
#.#..................
#...........##..#....
#...###......∩.)#....
#.#. #)##.#'##).....
#... #.)..#..'......
#..Y ######..#)..###


You could see a yak.

Vanquished Creatures
  Gastronok (D:8)
  Grinder (D:3)
  A wyvern (D:9)
  A steam dragon (D:6)
  Eustachio (D:4)
  A human (D:5)
  6 yaks (D:9)
  2 orc warriors (D:9)
  An ice beast (D:8)
  A sky beast (D:8)
  A black bear (D:7)
  2 ogres
  3 centaurs
  A kobold brigand (D:9)
  Blork the orc (D:4)
  2 gnoll sergeants
  A bullfrog (D:8)
  A scorpion (D:6)
  7 howler monkeys
  4 crimson imps (D:5)
  4 bombardier beetles
  3 orc priests
  3 hounds
  A jelly (D:6)
  A sleepcap (D:7)
  3 iguanas
  Ijyb (D:4)
  7 orc wizards
  9 gnolls
  5 adders
  A white imp (D:8)
  2 ufetubi (D:6)
  A dart slug (D:1)
  5 ribbon worms
  33 orcs
  6 endoplasms
  3 goblins
  4 hobgoblins
  6 jackals (D:3)
  4 quokkas
  6 ball pythons
  5 bats
  4 frilled lizards
  A goblin skeleton (D:5)
  6 kobolds
  3 rats
166 creatures vanquished.

Vanquished Creatures (others)
  A bullfrog (D:6)
1 creature vanquished.

Grand Total: 167 creatures vanquished

Notes
Turn   | Place    | Note
-------+----------+-------------------------------------------
     0 | D:1      | CougarLife the Gargoyle Earth Elementalist began the quest
                  | for the Orb.
     0 | D:1      | Reached XP level 1. HP: 10/10 MP: 3/3
   187 | D:1      | Reached XP level 2. HP: 15/15 MP: 0/5
   307 | D:1      | Reached skill level 4 in Earth Magic
   600 | D:1      | Reached XP level 3. HP: 19/19 MP: 4/6
  1182 | D:2      | Reached XP level 4. HP: 24/24 MP: 6/8
  1285 | D:2      | Found the +1 Delatra's gloves {ID++}
  1879 | D:3      | Reached XP level 5. HP: 28/28 MP: 6/9
  1944 | D:3      | Learned a level 3 spell: Stone Arrow
  2111 | D:3      | Noticed Grinder
  2200 | D:3      | Paralysed by Grinder for 2 turns
  2204 | D:3      | Killed Grinder
  2205 | D:3      | Reached skill level 5 in Earth Magic
  2205 | D:3      | Reached XP level 6. HP: 30/32 MP: 7/11
  2481 | D:4      | Noticed Eustachio
  2721 | D:4      | Killed Eustachio
  2722 | D:4      | Reached skill level 6 in Earth Magic
  2722 | D:4      | Reached XP level 7. HP: 8/36 MP: 6/13
  2841 | D:4      | Noticed Ijyb
  2852 | D:4      | Paralysed by Ijyb for 3 turns
  2855 | D:4      | Killed Ijyb
  3253 | D:4      | Noticed Blork the orc
  3260 | D:4      | Killed Blork the orc
  3443 | D:5      | Entered Level 5 of the Dungeon
  3470 | D:5      | Noticed a human
  3471 | D:5      | Found a runed translucent door.
  3506 | D:5      | Found a basalt altar of Yredelemnul.
  3527 | D:5      | Killed a human
  3765 | D:5      | Found a shimmering altar of Xom.
  3769 | D:5      | Reached skill level 5 in Conjurations
  3943 | D:5      | Reached skill level 5 in Spellcasting
  3943 | D:5      | Reached skill level 7 in Earth Magic
  3943 | D:5      | Reached XP level 8. HP: 41/41 MP: 5/15
  4158 | D:5      | Found a burning altar of Makhleb.
  4301 | D:5      | Found a staircase to the Ecumenical Temple.
  4303 | D:5      | Found a faded altar of an unknown god.
  4391 | Temple   | Entered the Ecumenical Temple
  4396 | Temple   | Became a worshipper of Vehumet
  5041 | D:6      | Reached skill level 8 in Earth Magic
  5267 | D:6      | Found Igenut's Antique Armour Boutique.
  5325 | D:6      | Found Hobomnot's Weapon Shoppe.
  5452 | D:6      | You fall into a shaft and drop 1 floor!
  5950 | D:7      | Reached XP level 9. HP: 15/45 MP: 14/18
  6175 | D:7      | Found Wacas's Neck Hole.
  6545 | D:8      | Found a broken altar of Ashenzari.
  6572 | D:8      | Reached * piety under Vehumet
  6572 | D:8      | Offered knowledge of Foxfire by Vehumet.
  6575 | D:8      | Reached skill level 9 in Earth Magic
  6803 | D:8      | Found a shimmering blue altar of Sif Muna.
  6905 | D:8      | Found a glowing golden altar of the Shining One.
  7212 | D:8      | Noticed Gastronok
  7221 | D:8      | Killed Gastronok
  7222 | D:8      | Reached skill level 10 in Earth Magic
  7222 | D:8      | Reached XP level 10. HP: 32/50 MP: 3/21
  7869 | D:9      | Found Qipuxeiv's Antique Armour Shoppe.
  7877 | D:9      | Offered knowledge of Momentum Strike by Vehumet.
  7883 | D:9      | Reached ** piety under Vehumet
  8514 | D:9      | Paralysed by something for 4 turns
  8687 | D:9      | Reached skill level 11 in Earth Magic
  8702 | D:9      | HP: 2/50 [yak (7)]
  8702 | D:9      | Slain by a yak

Illustrated notes

Levels and vault maps discovered:
D:1:      co_arrival_random_square_maze, layout_rooms
D:2:      layout_basic, pf_guarded_unrand_delatra
D:3:      layout_rooms, uniq_grinder
D:4:      layout_basic, uniq_blork_the_orc, uniq_eustachio, uniq_ijyb
D:5:      layout_basic, lemuel_doored_altar, dk_yredelemnul_ordeal,
          led_xom_imps, nicolae_temple_entry_ecumenical
D:6:      layout_cave_pods, serial_shops, shop, nicolae_shop_tiny_glass
D:7:      layout_loops_cross, corexii_leaking_fountain,
          hangedman_decor_riveting, nicolae_shop_sticking_my_neck_out
D:8:      layout_loops_ring, overflow_temple_1_default, lemuel_blue_sif_altar,
          ashenzari_altar_1, uniq_gastronok
D:9:      minmay_evil_eye, layout_stronghold, serial_shops, shop
Temple:   minmay_freezing_vapour_temple

Skill      XL: |  1  2  3  4  5  6  7  8  9 10 |
---------------+-------------------------------+-----
Earth Magic    | 4 5 6 7 8 10 11 | 11.2
Conjurations   | 2 4 5 7 8 9 |  9.7
Spellcasting   | 3 4 5 6 7 8 |  8.5
Dodging        | |  1.5
Stealth        | |  2.1

Action                     |  1- 3 |  4- 6 |  7- 9 | 10-12 || total
---------------------------+-------+-------+-------+-------++-------
  Melee: Short sword       |     1 |       |       |       ||     1
         Dagger            |    11 |       |     8 |     8 ||    27
   Cast: Sandblast         |    49 |    60 |    99 |    34 ||   242
         Stone Arrow       |       |     4 |    43 |    31 ||    78
    Use: Potion            |       |     1 |       |       ||     1
 Armour: Robe              |    20 |    26 |    54 |    28 ||   128
  Dodge: Dodged            |    19 |    20 |    34 |    15 ||    88

Table legend: (Time is in decaauts)
 A = Elapsed time spent in this place.
 B = Non-inter-level travel time spent in this place.
 C = Inter-level travel time spent in this place.
 D = Time resting spent in this place.
 E = Time spent auto-exploring this place.
 F = Levels seen in this place.
 G = Mean time per level.
                   A        B        C        D        E       F      G
               +--------+--------+--------+--------+--------+-----+--------+
         Total |   8821 |   8497 |    324 |   1773 |   5322 |  10 |  882.1 |
       Dungeon |   8811 |   8491 |    320 |   1773 |   5322 |   9 |  979.0 |
        Temple |     10 |      6 |      4 |      0 |      0 |   1 |   10.0 |
               +--------+--------+--------+--------+--------+-----+--------+

Top non-repeatable levels by time:
     D:5: 1246 daAuts
     D:2: 1129 daAuts
     D:9: 1108 daAuts
     D:8: 1097 daAuts
     D:6: 1063 daAuts
     D:3: 926 daAuts
     D:7: 790 daAuts
     D:4: 728 daAuts
     D:1: 721 daAuts
  Temple: 10 daAuts
